 Dungeon Crawl Stone Soup version 0.29-a0-1043-g569b05d6ff (webtiles) character file.

Game seed: 7250668389838284130

26930 KleinerIrrer the Thaumaturge (level 13, -15/81 HPs)
             Began as a Djinni Summoner on Aug 16, 2022.
             Was an Initiate of Makhleb.
             Killed from afar by a rime drake (24 damage)
             ... with a flash freeze
             ... on level 2 of the Lair of Beasts.
             The game lasted 00:50:46 (19533 turns).

KleinerIrrer the Thaumaturge (Djinni Summoner)     Turns: 19533, Time: 00:50:48

Health: -15/81     AC:  8    Str:  7    XL:     13   Next: 61%
Gold:   574        EV: 18    Int: 21    God:    Makhleb [......] SH:  0 Dex: 15

rFire   + + +      SeeInvis .   m - +3 spear
rCold   + . .      Faith    .   (no shield)
rNeg    . . .      Spirit   .   p - +2 robe {Archmagi}
rPois   ∞          Reflect  .   (no helmet)
rElec   .          Harm     .   t - scarf {rC+ rF+}
rCorr   .          Rampage  .   (no gloves)
Will    +....      Archmagi +   (boots unavailable)
Stlth   ++........              (no amulet)
HPRegen 0.23/turn               M - ring of protection from cold
MPRegen 0.00/turn               w - +4 ring of protection

@: about to teleport, flying
A: sickness immunity, fire resistance 2, cold vulnerability 1, float, innate
caster, HP casting, extra vitality 1
a: Renounce Religion


You were on level 2 of the Lair of Beasts.
You worshipped Makhleb.
Makhleb was noncommittal.
You visited 3 branches of the dungeon, and saw 12 of its levels.
You also visited: Bailey.

You collected 724 gold pieces.
You spent 150 gold pieces at shops.

Inventory:

Hand Weapons
 c - a +2 scimitar of flaming
 m - a +3 spear (weapon)
 A - the +6 executioner's axe of the Wilderness {vorpal, Fly}
   (You found it in a bailey)

   It inflicts extra damage upon your enemies.
   Fly:       It grants you flight.
 O - a +1 dagger of chaos
 P - a +2 bardiche of flaming
Missiles
 d - 10 javelins
 o - 3 throwing nets
 y - 4 silver javelins
Armour
 i - a +0 cloak
 p - a +2 robe of the Archmagi (worn)
 t - a scarf of resistance (worn)
 H - +0 steam dragon scales
 L - a +2 robe of cold resistance
 N - a +2 cloak of poison resistance
 S - a +2 leather armour of positive energy
Jewellery
 s - a ring of willpower
 w - a +4 ring of protection (right hand)
 C - a +6 ring of intelligence
 I - a ring of willpower
 M - a ring of protection from cold (left hand)
 Q - a +4 ring of slaying
Wands
 f - a wand of flame (38)
 x - a wand of paralysis (24)
 B - a wand of polymorph (8)
 E - a wand of acid (20)
 F - a wand of mindburst (8)
 G - a wand of iceblast (8)
Scrolls
 e - 8 scrolls of teleportation
 g - a scroll of silence
 k - a scroll of noise {unknown}
 n - a scroll of enchant armour {unknown}
 q - a scroll of vulnerability {unknown}
 u - 2 scrolls of immolation {unknown}
 v - a scroll of amnesia {unknown}
 R - a scroll of magic mapping
 T - a scroll of fog {unknown}
Potions
 a - 4 potions of invisibility
 b - a potion of might
 j - 6 potions of curing
 l - 2 potions of flight
 r - 2 potions of haste
 z - 3 potions of mutation
 D - a potion of berserk rage
 J - 2 potions of degeneration
 K - 3 potions of brilliance
 U - a potion of lignification {unknown}


   Skills:
 + Level 3.2 Fighting
 * Level 12.2 Dodging
 - Level 1.5 Stealth
 * Level 14.9 Spellcasting


You had 10 spell levels left.
You knew the following spells:

 Your Spells              Type           Power      Damage    Failure   Level
a - Summon Small Mammal   Summ           100%       N/A       0%          1
b - Call Imp              Summ           87%        N/A       0%          2
c - Call Canine Familiar  Summ           87%        N/A       1%          3
d - Summon Guardian Gole  Hex/Summ       87%        N/A       1%          3
e - Summon Lightning Spi  Summ/Air       87%        N/A       1%          4
f - Apportation           Tloc           100%       N/A       0%          1
g - Wereblood             Tmut           87%        N/A       0%          2
h - Conjure Flame         Conj/Fire      87%        6-21      1%          3
i - Lesser Beckoning      Tloc           87%        N/A       1%          3
j - Ice Form              Ice/Tmut       87%        N/A       1%          4
k - Alistair's Intoxicat  Tmut/Pois      58%        N/A       1%          5
Your spell library was empty.

Dungeon Overview and Level Annotations

Branches:
Dungeon (9/15)             Temple (1/1) D:7            Lair (2/5) D:9
 Bailey (visited)
  Swamp: Lair:2-3    Shoals: Lair:2-3     Snake: Lair:2-3    Spider: Lair:2-3
    Orc: D:9-12

Altars:
Ashenzari
Dithmenos
Elyvilon
Fedhas
Gozag
Makhleb
Nemelex Xobeh
Okawaru
Qazlal
Ru
Trog
Uskayaw
Xom
Yredelemnul
Zin
The Shining One

Shops:
D:5 *(   D:8 *

Annotations:
D:6 2 transporters


Innate Abilities, Weirdness & Mutations

You are immune to sickness and miasma.
You are immune to poison.
Your flesh is very heat resistant. (rF++)
You are vulnerable to cold. (rC-)
You float through the air rather than walking.
You learn spells naturally, not from books.
Your magical power is your life essence.
You have superior vitality. (+4 MHP)


Message History

The cane toad barely misses your guardian golem.
Your warg bites the cane toad!
The cane toad stings your guardian golem!
Your warg bites the cane toad!
The cane toad stings your guardian golem!!
Your warg bites the cane toad.
Your guardian golem overheats!
The cane toad stings your guardian golem!
Flame seeps out of your guardian golem.
Your warg completely misses the cane toad.
The cane toad stings your guardian golem.
Your guardian golem disappears in a puff of smoke!
Your guardian golem explodes!
You smell burning wood.
The fiery explosion engulfs you!!! The fire burns you terribly!
Ouch! That really hurt!
* * * LOW HITPOINT WARNING * * *
The tree burns like a torch!
The fiery explosion engulfs your warg!!
The fiery explosion engulfs the cane toad!!
The cane toad dies!
Makhleb accepts your kill.
Your warg is engulfed in blazing flames.
Your warg dies!
Your warg's corpse disappears in a puff of smoke!
The forest fire spreads!
Okay, then.
You warm up again.
Your +3 spear unmelds from your body.
Your scarf of resistance unmelds from your body.
Your +2 robe of the Archmagi unmelds from your body.
You feel resistant to extremes of temperature.
You feel powerful.
Okay, then.
As you read the scroll of teleportation, it crumbles to dust.
You feel strangely unstable.
You are engulfed in blazing flames.
You resist.
* * * LOW HITPOINT WARNING * * *
The rime drake is engulfed in blazing flames.
The rime drake breathes ice at you. The flash freeze hits you!!
You partially resist.
You die...

.~.# ♣≈♣# ♣≈♣ ### ###
######>###### ### ♣
♣...♣...♣...♣♣# ...♣
♣♣♣#♣♣.♣.♣.♣.♣..§♣§#♣..♣
.....♣.♣.♣.♣.♣.♣§§k°.♣
♣♣♣#.♣.♣.♣.♣.♣.♣§§.# ♣
#...♣.....†.♣@§§#
#################################
.[...............................
...............).................
................(......♣.........
...................♣~.~..♣..###..
.####.............~~~~....♣..P#..
## #...........♣.~...~~~.~......
#####...#.#..#..~~.~.~.~.~....P..


You could see a rime drake (catching breath).

Vanquished Creatures
  Grinder (D:3)
  An orc warrior (D:9)
  A phantom (D:4)
  A bullfrog (Lair:2)
  2 scorpions
  2 killer bees
  A howler monkey (D:5)
  A hound (D:7)
  2 iguanas (D:5)
  Jessica (D:2)
  3 orc wizards
  2 adders
  A worm (D:3)
  A dart slug (D:1)
  4 orcs
  4 ball pythons
  4 endoplasms
  4 giant cockroaches
  3 goblins
  6 hobgoblins
  A jackal (D:2)
  4 quokkas
  3 bats
  3 frilled lizards
  5 kobolds
  2 rats
63 creatures vanquished.

Vanquished Creatures (collateral kills)
  A hydra (Lair:1)
  Erica (D:7)
  An orc knight (Bailey)
  Joseph (D:9)
  A black mamba (Lair:2)
  A torpor snail (Lair:2)
  6 cane toads
  Psyche (D:8)
  A rime drake (Lair:2)
  Maggie (D:6)
  3 komodo dragons
  A troll (D:9)
  8 blink frogs
  4 wyverns
  16 yaks
  5 basilisks
  Grum (D:8)
  2 steam dragons
  3 water moccasins (Lair:2)
  2 black bears
  A sky beast (D:8)
  3 ice beasts
  12 orc warriors
  2 ogres
  9 wolves
  4 centaurs
  A phantom (D:7)
  4 kobold brigands
  12 bullfrogs
  3 scorpions
  3 gnoll sergeants
  11 wights
  12 killer bees
  A howler monkey (D:9)
  3 vampire bats (Lair:2)
  4 electric eels (Lair:2)
  A jelly (D:8)
  6 orc priests
  3 hounds
  An iguana (D:5)
  7 orc wizards
  18 gnolls
  2 adders
  A white imp (D:6)
  34 orcs
  A ball python (D:1)
  3 endoplasms
  A giant cockroach (D:1)
  6 goblins
  4 hobgoblins
  A jackal (D:2)
  A quokka (D:1)
  6 bats (Lair:2)
  A frilled lizard (D:1)
  18 kobolds
  3 rats
263 creatures vanquished.

Vanquished Creatures (others)
  Maurice (D:8)
  2 black mambas (Lair:2)
  A cane toad (Lair:2)
  An orc warrior (Bailey)
  5 fungi
  19 plants
29 creatures vanquished.

Grand Total: 355 creatures vanquished

Notes
Turn   | Place    | Note
-------+----------+-------------------------------------------
     0 | D:1      | KleinerIrrer the Djinni Summoner began the quest for the
                  | Orb.
     0 | D:1      | KleinerIrrer set off with the following spells memorised:
                  | Summon Small Mammal, Call Imp, Call Canine Familiar, Summon
                  | Guardian Golem, Summon Lightning Spire.
     0 | D:1      | Reached XP level 1. HP: 15/15 MP: 0/0
   217 | D:1      | Reached XP level 2. HP: 16/21 MP: 0/0
   835 | D:1      | Found a faded altar of an unknown god.
   966 | D:1      | Reached XP level 3. HP: 18/25 MP: 0/0
   966 | D:1      | Learned a level 1 spell: Apportation
  1211 | D:1      | Reached skill level 4 in Spellcasting
  1925 | D:2      | Reached XP level 4. HP: 11/31 MP: 0/0
  2509 | D:2      | Noticed Jessica
  2539 | D:2      | Killed Jessica
  2540 | D:2      | Reached XP level 5. HP: 14/35 MP: 0/0
  2540 | D:2      | Learned a level 2 spell: Wereblood
  3325 | D:3      | Noticed Grinder
  3375 | D:3      | Killed Grinder
  3376 | D:3      | Reached skill level 5 in Spellcasting
  3376 | D:3      | Reached XP level 6. HP: 22/40 MP: 0/0
  4013 | D:4      | Reached skill level 6 in Spellcasting
  4015 | D:4      | Reached XP level 7. HP: 16/45 MP: 0/0
  4015 | D:4      | Learned a level 3 spell: Conjure Flame
  5268 | D:4      | Reached skill level 7 in Spellcasting
  5529 | D:5      | Entered Level 5 of the Dungeon
  5529 | D:5      | Found Mohetu Gedi's General Store.
  5535 | D:5      | Reached XP level 8. HP: 30/50 MP: 0/0
  5715 | D:5      | Bought a scroll of identify for 24 gold pieces
  5715 | D:5      | Bought a potion of curing for 36 gold pieces
  5715 | D:5      | Bought a scroll of magic mapping for 90 gold pieces
  5884 | D:5      | Found a white marble altar of Elyvilon.
  5901 | D:5      | Found Necebbepp's Antique Weapon Emporium.
  6222 | D:5      | Reached skill level 8 in Spellcasting
  6429 | D:5      | Found a glowing golden altar of the Shining One.
  7113 | D:6      | Found a transporter.
  7449 | D:6      | Reached XP level 9. HP: 54/55 MP: 0/0
  7449 | D:6      | Learned a level 3 spell: Lesser Beckoning
  7460 | D:6      | Found a transporter.
  7533 | D:6      | Reached skill level 9 in Spellcasting
  7908 | D:6      | Noticed Maggie
  7921 | D:6      | Killed Maggie
  8539 | D:7      | Reached skill level 10 in Spellcasting
  9192 | D:7      | Reached XP level 10. HP: 51/60 MP: 0/0
  9263 | D:7      | Found a staircase to the Ecumenical Temple.
  9421 | D:7      | Reached skill level 11 in Spellcasting
  9772 | D:7      | Reached skill level 1 in Fighting
  9960 | D:8      | Noticed Grum
  9963 | D:8      | Noticed Erica
  9983 | D:8      | HP: 3/62 [Grum/-2 glaive (20)]
  9985 | D:8      | Killed Grum
 10288 | D:7      | Killed Erica
 10512 | D:8      | HP: 3/63 [wolf[Grum] (3)]
 10932 | D:8      | Noticed Maurice
 10953 | D:8      | Killed Maurice
 11381 | D:8      | Noticed Psyche
 11386 | D:8      | Killed Psyche
 11387 | D:8      | Reached skill level 12 in Spellcasting
 11387 | D:8      | Reached XP level 11. HP: 60/68 MP: 0/0
 11387 | D:8      | Learned a level 4 spell: Ice Form
 11398 | D:8      | Found Qetuf Fou's General Store.
 11529 | D:9      | Noticed Joseph
 11632 | D:9      | Found a flagged portal.
 11664 | Bailey   | Entered a bailey
 12069 | Bailey   | Reached skill level 5 in Dodging
 12378 | Bailey   | Identified the +6 executioner's axe of the Wilderness
                  | {vorpal, Fly}
 12380 | Bailey   | Noticed an orc knight
 12391 | Bailey   | Killed an orc knight
 12448 | Bailey   | Reached XP level 12. HP: 44/76 MP: 0/0
 12697 | D:9      | Killed Joseph
 13225 | D:9      | Reached skill level 13 in Spellcasting
 13954 | D:9      | Found a staircase to the Lair.
 14197 | Lair:1   | Entered Level 1 of the Lair of Beasts
 14244 | Lair:1   | Noticed an eight-headed hydra
 14249 | Lair:1   | Killed an eight-headed hydra
 14892 | Lair:1   | Reached XP level 13. HP: 54/81 MP: 0/0
 14892 | Lair:1   | Learned a level 5 spell: Alistair's Intoxication
 15806 | Temple   | Entered the Ecumenical Temple
 15922 | Temple   | Became a worshipper of Makhleb the Destroyer
 16142 | Lair:2   | Reached skill level 14 in Spellcasting
 17398 | Lair:2   | Reached * piety under Makhleb
 18906 | Lair:2   | HP: 3/81 [black mamba (11)]
 19533 | Lair:2   | Killed from afar by a rime drake

Illustrated notes

Levels and vault maps discovered:
D:1:      beargit_arrival_greenhouse, layout_rooms,
          shapermc_ecumenical_altar_hornbeckon
D:2:      layout_rooms, chequers_serial_rivers_small_b, kennysheep_jessica_study
D:3:      minmay_general_purpose_star, layout_loops_ring, feat_on_display,
          uniq_grinder, uniq_jessica
D:4:      layout_cave_pools
D:5:      layout_basic, elyvilon_altar_1, tso_metal_star, serial_shops,
          nicolae_shop_window_shopping, shop, minivault_11
D:6:      gammafunk_cloud_chamber, layout_loops_corners, uniq_maggie
D:7:      minmay_chambers_of_fours, layout_rooms, minmay_temple_entry_trees
D:8:      layout_basic, serial_shops, nicolae_take_the_stairs, minivault_25,
          uniq_erica, uniq_grum, uniq_psyche, uniq_maurice
D:9:      layout_roguey, erik_lair_dragon, enter_bailey_5, uniq_joseph
Temple:   minmay_crystal_spiral_temple
Lair:1:   wander_river, layout_layer_cave
Lair:2:   nzn_winding_woodlands_huge [nzn_winding_woodlands_5x15_split_checker,
          nzn_winding_woodlands_5x15_zeroes, nzn_winding_woodlands_5x15_parted,
          nzn_winding_woodlands_5x15_pool,
          nzn_winding_woodlands_5x15_river_crossing,
          nzn_winding_woodlands_5x15_lazy_stream,
          nzn_winding_woodlands_5x15_default,
          nzn_winding_woodlands_5x15_sidewinder,
          nzn_winding_woodlands_5x15_twine, nzn_winding_woodlands_5x15_eye,
          nzn_winding_woodlands_center_triple_pond,
          nzn_winding_woodlands_center_garden,
          nzn_winding_woodlands_15x15_killbox], layout_regular_city,
          gauntlet_entry_generic, nicolae_lair_lil_pond, roderic_batcave,
          nicolae_quartered_pool_medium

Skill      XL: |  1  2  3  4  5  6  7  8  9 10 11 12 13 |
---------------+----------------------------------------+-----
Spellcasting   | 4 5 6 7 8 10 12 13 14 | 14.9
Dodging        | 4 11 12 | 12.2
Fighting       | 2 3 |  3.2
Stealth        | |  1.5

Action                   |  1- 3 |  4- 6 |  7- 9 | 10-12 | 13-15 || total
-------------------------+-------+-------+-------+-------+-------++-------
Melee: Unarmed           |     9 |       |       |    13 |     4 ||    26
       Whip              |    53 |       |       |       |       ||    53
       Punch             |     1 |     2 |     1 |     3 |     1 ||     8
       Spear             |       |    88 |   129 |    58 |    46 ||   321
 Cast: Summon Small Mamm |    12 |     3 |    10 |    11 |     7 ||    43
       Call Imp          |    10 |     8 |    19 |    22 |     8 ||    67
       Summon Guardian G |     1 |     5 |    12 |    10 |     9 ||    37
       Call Canine Famil |     1 |     6 |    25 |    38 |    31 ||   101
       Summon Lightning  |       |       |    15 |    39 |    20 ||    74
       Conjure Flame     |       |       |     4 |       |       ||     4
       Ice Form          |       |       |       |     2 |     1 ||     3
       Wereblood         |       |       |       |     1 |       ||     1
 Abil: End Transformatio |       |       |       |       |     1 ||     1
  Use: Scroll            |       |       |    10 |     3 |     1 ||    14
       Potion            |       |       |       |     4 |     1 ||     5
 Stab: Distracted        |     1 |     1 |     1 |       |     1 ||     4
       Sleeping          |     1 |     1 |     4 |     2 |       ||     8
Armor: Robe              |    16 |    11 |    59 |    45 |    25 ||   156
       Skin              |       |       |       |    16 |       ||    16
Dodge: Dodged            |    67 |    42 |    71 |   176 |   131 ||   487

Table legend: (Time is in decaauts)
 A = Elapsed time spent in this place.
 B = Non-inter-level travel time spent in this place.
 C = Inter-level travel time spent in this place.
 D = Time resting spent in this place.
 E = Time spent auto-exploring this place.
 F = Levels seen in this place.
 G = Mean time per level.
                   A        B        C        D        E       F      G
               +--------+--------+--------+--------+--------+-----+--------+
         Total |  19585 |  18816 |    769 |   3142 |  12414 |  13 | 1506.5 |
       Dungeon |  13923 |  13311 |    612 |   1658 |   9540 |   9 | 1547.0 |
        Temple |    192 |    116 |     76 |      0 |     99 |   1 |  192.0 |
          Lair |   4536 |   4457 |     79 |   1090 |   2532 |   2 | 2268.0 |
        Bailey |    932 |    932 |      0 |    394 |    243 |   1 |  932.0 |
               +--------+--------+--------+--------+--------+-----+--------+

Top non-repeatable levels by time:
  Lair:2: 3484 daAuts
     D:9: 2228 daAuts
     D:7: 1939 daAuts
     D:6: 1596 daAuts
     D:2: 1543 daAuts
     D:3: 1526 daAuts
     D:5: 1407 daAuts
     D:1: 1290 daAuts
     D:8: 1207 daAuts
     D:4: 1185 daAuts
  Lair:1: 1052 daAuts
  Bailey: 932 daAuts
  Temple: 192 daAuts
